 Dungeon Crawl Stone Soup version 0.28.0-53-g5a82cb258f (webtiles) character file.

Game seed: 11271169753644957269

60 SanguineChosen the Cudgeller (level 3, -4/30 HPs)
             Began as a Minotaur Gladiator on June 3, 2022.
             Slain by an ogre
             ... wielding a +0 giant spiked club
              (26 damage)
             ... on level 3 of the Dungeon.
             The game lasted 00:18:30 (1861 turns).

SanguineChosen the Cudgeller (Minotaur Gladiator)   Turns: 1861, Time: 00:18:30

Health: -4/30      AC:  4    Str: 18    XL:     3   Next: 80%
Magic:  2/2        EV: 13    Int: 11    God:
Gold:   70         SH:  0    Dex: 13    Spells: 2/2 levels left

rFire   . . .      SeeInvis .   m - +2 dagger (venom)
rCold   . . .      Faith    .   (no shield)
rNeg    . . .      Spirit   .   b - +0 leather armour
rPois   .          Reflect  .   c - +0 hat
rElec   .          Harm     .   (no cloak)
rCorr   .          Rampage  .   (no gloves)
Will    .....                   q - +0 pair of boots
Stlth   +.........              (no amulet)
HPRegen 0.10/turn               p - +6 ring of intelligence
MPRegen 0.08/turn               (no ring)

@: no status effects
A: horns 2, retaliatory headbutt
a: no special abilities


You were on level 3 of the Dungeon.
You visited 1 branch of the dungeon, and saw 3 of its levels.

You collected 70 gold pieces.

Inventory:

Hand Weapons
 a - a +0 flail
 m - a +2 dagger of venom (weapon)
Missiles
 d - a throwing net (quivered)
Armour
 b - a +0 leather armour (worn)
 c - a +0 hat (worn)
 q - a +0 pair of boots (worn)
Magical Staves
 e - a staff of fire
 f - a staff of earth
Jewellery
 p - a +6 ring of intelligence (left hand)
Scrolls
 g - 2 scrolls of amnesia {unknown}
 h - 3 scrolls of fear
 i - a scroll of identify {unknown}
 j - a scroll of summoning {unknown}
 k - a scroll of enchant armour {unknown}
 n - 2 scrolls of torment {unknown}
 o - 4 scrolls of teleportation
Potions
 l - a potion of attraction {unknown}


   Skills:
 + Level 2.7 Fighting
 + Level 0.1 Short Blades
 + Level 4.3 Maces & Flails
 + Level 2.2 Throwing
 + Level 1.1 Armour
 + Level 3.9 Dodging
 + Level 1.0 Stealth


You had 2 spell levels left.
You didn't know any spells.
Your spell library contained the following spells:

 Spells                   Type           Power      Damage    Failure   Level
 Summon Small Mammal      Summ           0%         N/A       38%         1
 Call Canine Familiar     Summ           0%         N/A       77%         3
 Ozocubu's Armour         Ice            0%         N/A       77%         3
 Summon Guardian Golem    Hex/Summ       0%         N/A       77%         3
 Ozocubu's Refrigeration  Ice            0%         4d5       100%        7


Dungeon Overview and Level Annotations

Branches:
Dungeon (3/15)

Altars:


Innate Abilities, Weirdness & Mutations

You have a pair of horns on your head.
You reflexively headbutt those who attack you in melee.


Message History

You now have 70 gold pieces (gained 9).
Found 30 stones.
Found a stone staircase leading up.
You see here 2 javelins.
A bat comes into view.
Found a stone staircase leading up.
The bat closely misses you. The bat hits you but does no damage.
The bat closely misses you. The bat completely misses you. The bat hits you.
The bat hits you but does no damage. The bat barely misses you.
You hit the bat.
The bat is poisoned.
Your headbutt misses the bat.
The bat is severely wounded.
You kill the bat!
An ogre comes into view. It is wielding a +0 giant spiked club.
A white imp comes into view.
Throw: 3 throwing nets
Press: ? - help, Q - select action Shift-Dir - straight line, f - ogre
Aim: an ogre, wielding a +0 giant spiked club (wandering, hasn't noticed you, 74% to hit)
You throw a throwing net.
The throwing net barely misses the ogre.
The ogre shouts!
The white imp shouts, "Return whence thou came, thou surly saucy rump-roast!"
Throw: 2 throwing nets
Press: ? - help, Q - select action Shift-Dir - straight line, f/p - ogre
Aim: an ogre, wielding a +0 giant spiked club (74% to hit)
You throw a throwing net.
The throwing net closely misses the ogre.
The ogre hits you with a +0 giant spiked club!
You completely miss the ogre. You hit the ogre.
The ogre is poisoned.
The ogre is lightly wounded.
The ogre barely misses you. You furiously retaliate!
You headbutt the ogre!
A giant cockroach comes into view.
You hit the ogre.
The ogre is severely wounded.
The ogre hits you with a +0 giant spiked club!!
Ouch! That really hurt!
You die...

#.. ... .. ######. ..
# #####.....##...
..##[.#
.B.#.......#...
##.....#
#..5..........
.....#.#
#.....@.......
.......#
#.....O.....<.
....#..#
#..........###
##..##.#####...<.....#
.....#.....#.........#
.....†.........(.....#
......####...........#
.....#..........(....#
.....#.....(.....†...#


You could see an ogre (very poisoned), a white imp and a giant cockroach.

Vanquished Creatures
  2 adders
  A worm (D:2)
  5 bats
  5 endoplasms
  8 goblins
  4 hobgoblins
  A jackal (D:2)
  A quokka (D:3)
  2 ball pythons
  3 frilled lizards
  3 rats
35 creatures vanquished.

Notes
Turn   | Place    | Note
-------+----------+-------------------------------------------
     0 | D:1      | SanguineChosen the Minotaur Gladiator began the quest for
                  | the Orb.
     0 | D:1      | Reached XP level 1. HP: 18/18 MP: 0/0
   684 | D:2      | Found a faded altar of an unknown god.
   754 | D:2      | Reached XP level 2. HP: 18/25 MP: 1/1
  1029 | D:2      | Reached skill level 1 in Armour
  1029 | D:2      | Reached XP level 3. HP: 25/30 MP: 2/2
  1040 | D:2      | Reached skill level 4 in Maces & Flails
  1796 | D:3      | Reached skill level 1 in Stealth
  1851 | D:3      | Noticed an ogre
  1861 | D:3      | Slain by an ogre

Illustrated notes

Levels and vault maps discovered:
D:1:      minmay_arrival_doors, layout_rooms
D:2:      layout_loops_ring, ebering_ecumenical_altar_box, minmay_surrounded
D:3:      layout_rooms, serial_shops, shop, st_stairs_5

Skill      XL: |  1  2  3 |
---------------+----------+-----
Armour         | 1 |  1.1
Maces & Flails | 4 |  4.3
Stealth        | 1 |  1.0
Fighting       | |  2.7
Short Blades   | |  0.1
Throwing       | |  2.2
Dodging        | |  3.9

Action                   || total
-------------------------++-------
Melee: Flail             ||    38
       Headbutt          ||    10
       Dagger            ||    22
Throw: Throwing net      ||     3
  Use: Scroll            ||     2
 Stab: Held in net/web   ||     2
Armor: Leather armour    ||    19
Dodge: Dodged            ||    47
